 Dungeon Crawl Stone Soup version 0.28-a0-1080-g05a166d0ed (webtiles) character file.

Game seed: 8131650386655151186

151 Redcow54321 the Skirmisher (level 5, -4/35 HPs)
             Began as a Kobold Fighter on Dec 9, 2021.
             Slain by an ice beast (14 damage)
             ... on level 5 of the Dungeon.
             The game lasted 00:02:49 (1975 turns).

Redcow54321 the Skirmisher (Kobold Fighter)         Turns: 1975, Time: 00:02:50

Health: -4/35      AC:  9    Str: 15    XL:     5   Next: 59%
Magic:  5/5        EV: 10    Int:  9    God:
Gold:   43         SH:  5    Dex: 15    Spells: 4/4 levels left

rFire   . . .      SeeInvis .   a - +0 spear
rCold   . . .      Faith    .   c - +0 buckler
rNeg    . . .      Spirit   .   b - +0 scale mail
rPois   .          Reflect  .   (no helmet)
rElec   .          Harm     .   (no cloak)
rCorr   .          Rampage  .   e - +2 pair of gloves
Will    .....                   (no boots)
Stlth   +.........              (no amulet)
HPRegen 0.11/turn               (no ring)
MPRegen 0.09/turn               (no ring)

@: no status effects
A: small, no large weapons, nightstalker 3
a: no special abilities


You were on level 5 of the Dungeon.
You visited 1 branch of the dungeon, and saw 5 of its levels.

You collected 43 gold pieces.

Inventory:

Hand Weapons
 a - a +0 spear (weapon)
Armour
 b - a +0 scale mail (worn)
 c - a +0 buckler (worn)
 e - a +2 pair of gloves (worn)
Wands
 l - a wand of charming (14)
Scrolls
 f - 2 scrolls of identify {unknown}
 h - a scroll of fog {unknown}
 i - a scroll of magic mapping {unknown}
 j - a scroll of holy word {unknown}
 k - a scroll of enchant weapon {unknown}
Potions
 g - a potion of lignification {unknown}


   Skills:
 * Level 5.1 Fighting
 + Level 3.2 Polearms
 - Level 2.4 Armour
 - Level 2.4 Shields


You had 4 spell levels left.
You didn't know any spells.
Your spell library was empty.

Dungeon Overview and Level Annotations

Branches:
Dungeon (5/15)             Temple (0/1) D:4

Altars:

Shops:
D:4 [


Innate Abilities, Weirdness & Mutations

You are small and have problems with some larger weapons.
You are completely attuned to the shadows.


Message History

The ice beast is moderately wounded.
The ice beast hits you. The ice beast freezes you!
You barely miss the ice beast.
The ice beast is moderately wounded.
You block the ice beast's attack.
You hit the ice beast.
The ice beast is moderately wounded.
The ice beast hits you. The ice beast freezes you!
* * * LOW HITPOINT WARNING * * *
You hit the ice beast but do no damage.
The ice beast is moderately wounded.
The ice beast closely misses you.
You closely miss the ice beast.
The ice beast is moderately wounded.
The ice beast hits you but does no damage.
Unknown command.
You hit the ice beast.
The ice beast is moderately wounded.
The ice beast hits you but does no damage.
You hit the ice beast but do no damage.
The ice beast is moderately wounded.
The ice beast hits you but does no damage.
You hit the ice beast.
The ice beast is moderately wounded.
The ice beast closely misses you.
You hit the ice beast.
The ice beast is heavily wounded.
You block the ice beast's attack.
You hit the ice beast.
The ice beast is heavily wounded.
You block the ice beast's attack.
You hit the ice beast but do no damage.
The ice beast is heavily wounded.
The ice beast closely misses you.
You hit the ice beast but do no damage.
The ice beast is heavily wounded.
The ice beast hits you.
* * * LOW HITPOINT WARNING * * *
The ice beast freezes you!
You die...

#.#
#.#.#
#.#.#
####.#.#
.....#.#
.......#
####.###
#.# #@#
#Y# #.#
#.# #.#


You could see an ice beast.

Vanquished Creatures
  A necrophage (D:4)
  2 adders
  A worm (D:2)
  2 orcs (D:3)
  5 ball pythons
  2 bats
  3 endoplasms
  4 goblins
  5 hobgoblins
  3 jackals (D:1)
  5 quokkas
  3 kobolds
  A rat (D:1)
37 creatures vanquished.

Vanquished Creatures (others)
  3 plants (D:4)
3 creatures vanquished.

Grand Total: 40 creatures vanquished

Notes
Turn   | Place    | Note
-------+----------+-------------------------------------------
     0 | D:1      | Redcow54321 the Kobold Fighter began the quest for the Orb.
     0 | D:1      | Reached XP level 1. HP: 14/14 MP: 1/1
   165 | D:1      | Reached XP level 2. HP: 20/20 MP: 2/2
   316 | D:1      | Reached skill level 4 in Fighting
   647 | D:1      | Reached XP level 3. HP: 21/24 MP: 3/3
  1676 | D:3      | Reached XP level 4. HP: 26/30 MP: 4/4
  1855 | D:4      | Noticed a necrophage
  1865 | D:4      | Killed a necrophage
  1866 | D:4      | Reached skill level 5 in Fighting
  1866 | D:4      | Reached XP level 5. HP: 34/35 MP: 5/5
  1877 | D:4      | Found a staircase to the Ecumenical Temple.
  1902 | D:4      | Found Wiosyd's Armour Boutique.
  1946 | D:5      | Entered Level 5 of the Dungeon
  1951 | D:5      | Noticed an ice beast
  1975 | D:5      | Slain by an ice beast

Illustrated notes

Levels and vault maps discovered:
D:1:      dpeg_arrival_boxorama, layout_rooms, minmay_misc_feat_secret_circle
D:2:      layout_loops_cross, shapermc_ecumenical_altar_starsandcircs,
          minmay_misc_feat_rows
D:3:      layout_rooms
D:4:      layout_rooms, minmay_temple_entry_glass, serial_shops,
          nicolae_shop_statue_plus, ebering_ghost_sewer_f,
          hangedman_decor_opposing, nicolae_grassy_gnolls
D:5:      old_forge, layout_loops_ring, minmay_mini_ossuary

Skill      XL: |  1  2  3  4 |
---------------+-------------+-----
Fighting       | 4 5 |  5.1
Polearms       | 2 3 |  3.2
Armour         | |  2.4
Shields        | |  2.4

Action                   |  1- 3 |  4- 6 || total
-------------------------+-------+-------++-------
Melee: Spear             |   150 |    52 ||   202
  Use: Potion            |       |     1 ||     1
Armor: Scale mail        |    54 |    19 ||    73
Dodge: Dodged            |    70 |    17 ||    87
Block: Buckler           |    40 |    16 ||    56

Table legend: (Time is in decaauts)
 A = Elapsed time spent in this place.
 B = Non-inter-level travel time spent in this place.
 C = Inter-level travel time spent in this place.
 D = Time resting spent in this place.
 E = Time spent auto-exploring this place.
 F = Levels seen in this place.
 G = Mean time per level.
                   A        B        C        D        E       F      G
               +--------+--------+--------+--------+--------+-----+--------+
         Total |   1983 |   1956 |     27 |    356 |   1275 |   5 |  396.6 |
       Dungeon |   1983 |   1956 |     27 |    356 |   1275 |   5 |  396.6 |
               +--------+--------+--------+--------+--------+-----+--------+

Top non-repeatable levels by time:
     D:1: 961 daAuts
     D:3: 567 daAuts
     D:2: 305 daAuts
     D:4: 120 daAuts
     D:5: 28 daAuts
